 Dungeon Crawl Stone Soup version 0.28-a0-1594-ga885d4b3d6 (webtiles) character file.

Game seed: 13410705261365312885

261 lonewolfV2 the Scratcher (level 5, -1/22 HPs)
             Began as a Felid Transmuter on Jan 20, 2022.
             Was an Initiate of Sif Muna.
             Splashed by a jelly's acid (11 damage)
             ... on level 5 of the Dungeon.
             The game lasted 00:07:36 (5403 turns).

lonewolfV2 the Scratcher (Felid Transmuter)         Turns: 5403, Time: 00:07:37

Health: -1/22      AC:  5    Str:  8    XL:     5   Next: 96%
Magic:  9/10       EV: 19    Int: 14    God:    Sif Muna [......]
Gold:   226        SH:  0    Dex: 17    Spells: 9/10 levels left
                                        Lives:  0   Deaths: 1

rFire   . . .      SeeInvis +     - Unarmed
rCold   . . .      Faith    .   (shield unavailable)
rNeg    . . .      Spirit   .   (armour unavailable)
rPois   .          Reflect  .   (helmet unavailable)
rElec   .          Harm     .   (cloak unavailable)
rCorr   .          Rampage  .   (gloves unavailable)
Will    .....                   (boots unavailable)
Stlth   ++........              (no amulet)
HPRegen 0.07/turn               a - +4 ring of protection
MPRegen 0.12/turn               (no ring)

@: very slightly contaminated, quick
A: very small, claws 1, fangs 3, see invisible, speed 1, shaggy fur 1, stealthy
paws, no weapons or thrown items, no armour, multi-lived
a: Renounce Religion


You were on level 5 of the Dungeon.
You worshipped Sif Muna.
Sif Muna was noncommittal.
You visited 2 branches of the dungeon, and saw 6 of its levels.

You collected 226 gold pieces.

Inventory:

Jewellery
 a - a +4 ring of protection (left paw)
 i - a ring of protection from cold
Wands
 k - a wand of charming (7)
Scrolls
 b - 2 scrolls of teleportation
 g - 2 scrolls of vulnerability
 h - 5 scrolls of identify
 l - a scroll of fog {unknown}
 m - a scroll of brand weapon {unknown}
Potions
 c - 2 potions of flight
 d - a potion of invisibility
 e - a potion of attraction
 f - 2 potions of lignification
 j - a potion of curing


   Skills:
 + Level 1.3 Fighting
 + Level 4.6 Dodging
 + Level 1.4 Stealth
 + Level 4.9 Unarmed Combat
 + Level 3.1 Spellcasting
 + Level 3.6 Transmutations


You had 9 spell levels left.
You knew the following spells:

 Your Spells              Type           Power      Damage    Failure   Level
a - Beastly Appendage     Tmut           24%        N/A       4%          1

Your spell library contained the following spells:

 Spells                   Type           Power      Damage    Failure   Level
 Wereblood                Tmut           12%        N/A       8%          2
 Spider Form              Tmut/Pois      7%         N/A       30%         3
 Ice Form                 Ice/Tmut       7%         N/A       71%         4
 Fulminant Prism          Conj/Hex       1%         3d6       91%         4
 Iskenderun's Mystic Bla  Conj/Tloc      2%         2d3       91%         4
 Lee's Rapid Deconstruct  Erth           1%         3d5*      99%         5


Dungeon Overview and Level Annotations

Branches:
Dungeon (5/15)             Temple (1/1) D:5

Altars:
Dithmenos
Makhleb
Okawaru
Sif Muna
Trog
Xom


Innate Abilities, Weirdness & Mutations

You have sharp claws.
You have razor-sharp teeth.
You have supernaturally acute eyesight. (SInv)
You cover ground quickly. (Speed+)
You are covered in fur. (AC +1)
Your paws help you pounce on unaware monsters.
You are incapable of wielding weapons or throwing items.
You cannot wear armour.
You gain extra lives every three experience levels.


Message History

Found a scroll of fear.
An ogre comes into view. It is wielding a +0 giant club.
The ogre shouts!
A centaur comes into view.
A jelly comes into view.
The jelly quivers.
There is a staircase to the Ecumenical Temple here.
You climb downwards.
Welcome to the Ecumenical Temple!
There is a staircase back to the Dungeon here.
Found a shimmering altar of Xom.
Found a burning altar of Makhleb.
Found a shimmering blue altar of Sif Muna.
Found a shadowy altar of Dithmenos.
There is a burning altar of Makhleb here.
There is a shimmering blue altar of Sif Muna here.
You sit before the altar of Sif Muna.
Sif Muna welcomes you!
Unknown command.
Press < or > to pray at altars.
There is a fountain of sparkling water here.
There is a fountain of sparkling water here.
Found an iron altar of Okawaru.
There is a shimmering altar of Xom here.
There is a staircase back to the Dungeon here.
You climb upwards.
Welcome back to the Dungeon!
The centaur shouts!
The jelly quivers.
The centaur wields a +0 shortbow.
The centaur shoots an arrow.
The arrow hits you.
The centaur shoots an arrow.
The arrow hits you. The jelly completely misses you.
The ogre completely misses you.
There is a staircase to the Ecumenical Temple here.
Casting: Beastly Appendage (safe; 4% risk of failure)
Confirm with . or Enter, or press ? or * to list all spells.
You miscast Beastly Appendage.
You are very lightly contaminated with residual magic.
Nothing appears to happen.
The centaur shoots an arrow.
The arrow closely misses you.
The arrow hits the ogre!
The jelly hits you.
You are splashed with acid!
Ouch! That really hurt!
You die...

.. ..... .. .... .
... #... .#.. #....
# ##.. .... ..
#..####..# ..# ..#
#.......###.+##..#
#.c?@O.#.......#
....#.J...........#
. ##.##.........#
## ##........#
#.###....######
##.......##
.......<..#
..........#
.........##


You could see an ogre, a centaur and a jelly.

Vanquished Creatures
  A scorpion (D:4)
  A water moccasin skeleton (D:4)
  2 iguanas
  A hound skeleton (D:4)
  4 gnolls
  5 adders (D:2)
  2 adder skeletons (D:4)
  3 worms
  5 orcs
  7 ball pythons
  3 endoplasms
  2 giant cockroaches (D:2)
  5 goblins
  7 hobgoblins
  6 jackals
  4 quokkas
  8 bats
  2 frilled lizards
  6 kobolds
  4 rats
78 creatures vanquished.

Notes
Turn   | Place    | Note
-------+----------+-------------------------------------------
     0 | D:1      | lonewolfV2 the Felid Transmuter began the quest for the
                  | Orb.
     0 | D:1      | Reached XP level 1. HP: 9/9 MP: 4/4
   605 | D:1      | Found a faded altar of an unknown god.
   846 | D:2      | Reached XP level 2. HP: 11/12 MP: 6/6
  1406 | D:2      | Reached XP level 3. HP: 8/15 MP: 5/7
  2234 | D:2      | Reached XP level 4. HP: 15/19 MP: 8/8
  2316 | D:2      | Reached skill level 1 in Stealth
  3001 | D:3      | Reached XP level 5. HP: 22/22 MP: 8/10
  3023 | D:3      | Identified the +0 robe of Zellimiu {Contam rN++}
  3348 | D:3      | HP: 1/22 [gnoll (7)]
  3350 | D:3      | Mangled by a gnoll
  3351 | D:3      | Reached XP level 4. HP: -13/19 MP: 9/9
  3942 | D:4      | Noticed a scorpion
  3956 | D:4      | Killed a scorpion
  3957 | D:4      | Reached XP level 5. HP: 5/22 MP: 8/10
  4237 | D:4      | Found a bloodstained altar of Trog.
  5292 | D:5      | Entered Level 5 of the Dungeon
  5293 | D:5      | Found a staircase to the Ecumenical Temple.
  5299 | D:5      | Noticed an ogre
  5300 | D:5      | Noticed a centaur
  5304 | Temple   | Entered the Ecumenical Temple
  5348 | Temple   | Became a worshipper of Sif Muna the Loreminder
  5403 | D:5      | Splashed by a jelly's acid

Illustrated notes

Levels and vault maps discovered:
D:1:      dpeg_arrival_three_same_balls, layout_loops_corners,
          shapermc_ecumenical_altar_mp_urbaneastern
D:2:      minmay_thinvault, layout_loops_ring, minmay_pentomino_w4
D:3:      layout_basic, minmay_misc_feat_tower
D:4:      layout_loops_ring, bloody_trog, hangedman_decor_push
D:5:      layout_gridville, amethyst_overflow_temple_binary,
          minmay_temple_entry_wispy
Temple:   jpeg_temple_clearing

Skill      XL: |  1  2  3  4  5 |
---------------+----------------+-----
Dodging        | 3 4 |  4.6
Stealth        | 1 |  1.4
Transmutations | 3 |  3.6
Unarmed Combat | 4 |  4.9
Spellcasting   | 3 |  3.1
Fighting       | |  1.3

Action                   |  1- 3 |  4- 6 || total
-------------------------+-------+-------++-------
Melee: Unarmed           |    80 |   145 ||   225
       Headbutt          |     9 |    21 ||    30
       Bite              |     7 |    18 ||    25
       Punch             |     3 |     1 ||     4
 Cast: Beastly Appendage |    18 |    25 ||    43
  Use: Scroll            |     6 |     4 ||    10
 Stab: Sleeping          |     2 |       ||     2
Armor: Skin              |    16 |    24 ||    40
Dodge: Dodged            |   119 |   134 ||   253

Table legend: (Time is in decaauts)
 A = Elapsed time spent in this place.
 B = Non-inter-level travel time spent in this place.
 C = Inter-level travel time spent in this place.
 D = Time resting spent in this place.
 E = Time spent auto-exploring this place.
 F = Levels seen in this place.
 G = Mean time per level.
                   A        B        C        D        E       F      G
               +--------+--------+--------+--------+--------+-----+--------+
         Total |   4807 |   4689 |    118 |   1483 |   2455 |   6 |  801.2 |
       Dungeon |   4728 |   4644 |     84 |   1483 |   2455 |   5 |  945.6 |
        Temple |     78 |     44 |     34 |      0 |      0 |   1 |   78.0 |
               +--------+--------+--------+--------+--------+-----+--------+

Top non-repeatable levels by time:
     D:2: 1858 daAuts
     D:4: 1332 daAuts
     D:3: 844 daAuts
     D:1: 682 daAuts
  Temple: 78 daAuts
     D:5: 11 daAuts
